 Dungeon Crawl Stone Soup version 0.17-b1-15-g0f5fb43 (webtiles) character file.

76 Eucla the Conjurer (level 4, -1/24 HPs)
             Began as a Tengu Conjurer on Nov 8, 2015.
             Hit by a goblin thrown by Robin (2 damage)
             ... on level 4 of the Dungeon.
             The game lasted 00:05:39 (3452 turns).

Eucla the Conjurer (Tengu Conjurer)                 Turns: 3452, Time: 00:05:39

Health: -1/24      AC:  3    Str:  8    XL:     4   Next: 32%
Magic:  5/9        EV: 13    Int: 16    God:
Gold:   168        SH:  0    Dex: 15    Spells: 2 memorised, 4 levels left

rFire  . . .     SeeInvis .     d - +0 dagger
rCold  . . .     Clarity  .     a - +0 robe
rNeg   . . .     SustAt   .     (no shield)
rPois  .         Gourm    .     (helmet restricted)
rElec  .         Spirit   .     (no cloak)
rCorr  .         Warding  .     u - +0 pair of gloves
rMut   .         Stasis   .     (boots unavailable)
MR     .....                    (no amulet)
Stlth  +++.......               r - ring of wizardry
                                e - ring of stealth

@: lethally poisoned (-1 -> -12), not resistant to hostile enchantments, fairly
stealthy
A: beak, talons 3
a: no special abilities


You were on level 4 of the Dungeon.
You were not hungry.

You visited 1 branch of the dungeon, and saw 4 of its levels.

You collected 168 gold pieces.

Inventory:

Hand Weapons
 d - a +0 dagger (weapon)
 m - a +4 whip
Armour
 a - a +0 robe (worn)
 u - a +0 pair of gloves (worn)
Jewellery
 e - a ring of stealth (left hand)
 n - an uncursed ring of protection from fire
 r - a ring of wizardry (right hand)
Scrolls
 f - 5 scrolls of enchant weapon {unknown}
 i - a scroll of fear {unknown}
 k - a scroll of random uselessness {unknown}
 l - a scroll of blinking {unknown}
 o - a scroll of amnesia {unknown}
 p - 2 scrolls of identify {unknown}
 q - a scroll of fog {unknown}
 s - a scroll of noise {unknown}
 t - a scroll of remove curse {unknown}
Potions
 h - a potion of brilliance
 j - a potion of flight
Books
 b - a book of Conjurations

   Spells                             Type                      Level
   a - Magic Dart                     Conjuration                  1
   b - Searing Ray                    Conjuration                  2
   c - Dazzling Spray                 Conjuration/Hexes            3
   d - Fulminant Prism                Conjuration/Hexes            4
   e - Iskenderun's Mystic Blast      Conjuration                  4
   f - Iskenderun's Battlesphere      Conjuration/Charms           5
Comestibles
 c - a bread ration
 g - a meat ration


   Skills:
 + Level 2.9 Dodging
 - Level 2.0 Stealth
 + Level 3.1 Spellcasting
 + Level 6.1 Conjurations


You had 4 spell levels left.
You knew the following spells:

 Your Spells              Type           Power        Failure   Level  Hunger
a - Magic Dart            Conj           ###.         1%          1    None
b - Iskenderun's Mystic   Conj           ###.....     7%          4    ####...


Dungeon Overview and Level Annotations

Branches:
Dungeon (4/15)
 Temple: D:4-7

Altars:
Cheibriados
Elyvilon
Fedhas
Gozag

Annotations:
D:3 Sigmund
D:4 Robin


Innate Abilities, Weirdness & Mutations

You have a beak for a mouth.
You have claws for feet.


Message History

It was a potion of poison.
That liquid tasted very nasty...
You are lethally poisoned!
* * * LOW HITPOINT WARNING * * *
You feel sick. The goblin closely misses you.
A quokka and a jackal come into view.
* * * LOW HITPOINT WARNING * * *
You feel sick.
Robin says, "My goblins will feast on your bones."
Found a scroll labeled PUMUPR HUER.
Unknown command.
A giant gecko comes into view.
* * * LOW HITPOINT WARNING * * *
You feel sick.
Unknown command.
* * * LOW HITPOINT WARNING * * *
You feel sick.
Robin says, "Kneel, worm!"
The quokka moves out of view.
Robin throws the goblin at you!
You die...

... #.# .. ##.# ... # #..##
#... #.##...##....
###.........l# ..?..#..g...#
.......@....# .......g###..#
......#.#
+!...g....##g#######
#.gg###### #..>..... #.g.#
#g####### #...#
###.############
####.%.######..<..##..>....#
#......#.......[..##.####


You could see Robin, a giant gecko (sleeping), a hobgoblin (frenzied) and 3
goblins.

Vanquished Creatures
  A hound zombie (D:4)
  2 oozes
  3 giant geckos
  6 bats
  9 goblins
  11 hobgoblins
  A ball python (D:2)
  3 giant cockroaches
  A giant newt (D:1)
  8 kobolds
  7 rats
  2 fungi (D:3)
54 creatures vanquished.

Notes
Turn   | Place    | Note
--------------------------------------------------------------
     0 | D:1      | Eucla the Tengu Conjurer began the quest for the Orb.
     0 | D:1      | Reached XP level 1. HP: 10/10 MP: 4/4
   208 | D:1      | Reached XP level 2. HP: 4/15 MP: 4/6
   830 | D:1      | Reached XP level 3. HP: 19/19 MP: 0/8
  1566 | D:2      | Found a white marble altar of Elyvilon.
  1935 | D:2      | Found a snail-covered altar of Cheibriados.
  2088 | D:3      | Found a blossoming altar of Fedhas.
  2225 | D:3      | Noticed Sigmund
  2798 | D:3      | Reached XP level 4. HP: 21/24 MP: 1/9
  2939 | D:3      | Learned a level 4 spell: Iskenderun's Mystic Blast
  3165 | D:4      | Found an opulent altar of Gozag.
  3397 | D:4      | Reached skill level 6 in Conjurations
  3427 | D:4      | Noticed Robin
  3452 | D:4      | HP: 1/24 [poison (a potion of poison)]
  3452 | D:4      | Hit by a goblin thrown by Robin

Action                   |  1- 3 |  4- 6 || total
-------------------------+-------+-------++-------
Melee: Dagger            |   293 |       ||   293
       Unarmed           |     2 |       ||     2
 Cast: Magic Dart        |    72 |    19 ||    91
       Iskenderun's Myst |       |     1 ||     1
  Use: Potion            |     3 |     2 ||     5
  Eat: Chunk             |     4 |       ||     4
       Meat ration       |     1 |       ||     1
       Pizza             |     1 |       ||     1
